 Dungeon Crawl Stone Soup version 0.17.1-3-g152610e (webtiles) character file.

93 Heliophagus the Purveyor of Pain (level 4, 24/24 HPs)
             Began as a Deep Elf Necromancer on Apr 13, 2016.
             Was an Initiate of Kikubaaqudgha.
             Quit the game on level 3 of the Dungeon.
             The game lasted 00:30:00 (3490 turns).

Heliophagus the Purveyor of Pain (DENe)             Turns: 3490, Time: 00:30:00

Health: 24/24      AC:  6    Str:  5      XL:     4   Next: 36%
Magic:  8/12       EV: 10    Int: 19 (21) God:    Kikubaaqudgha [......]
Gold:   139        SH:  0    Dex: 15      Spells: 2 memorised, 6 levels left

rFire  . . .     SeeInvis .     l - +0 short sword
rCold  . . .     Clarity  .     a - +1 ring mail
rNeg   . . .     SustAt   .     (no shield)
rPois  .         Gourm    .     (no helmet)
rElec  x         Spirit   .     (no cloak)
rCorr  .         Warding  .     (no gloves)
rMut   .         Stasis   .     (no boots)
MR     .....                    (no amulet)
Stlth  ++........               (no ring)
                                (no ring)

@: very slightly contaminated, not resistant to hostile enchantments, unstealthy
A: electricity vulnerability
a: Renounce Religion


You were on level 3 of the Dungeon.
You worshipped Kikubaaqudgha.
Kikubaaqudgha was noncommittal.
You were very hungry.

You visited 1 branch of the dungeon, and saw 3 of its levels.

You collected 139 gold pieces.

Inventory:

Hand Weapons
 h - a +1 whip of freezing
 l - a +0 short sword (weapon)
Armour
 a - a +1 ring mail (worn)
Wands
 j - a wand of teleportation (4)
Scrolls
 e - a scroll of enchant armour
 g - a scroll of fog
 i - 2 scrolls of identify
 o - a scroll of remove curse
Potions
 d - a potion of cure mutation
 k - a potion of heal wounds
 m - 2 potions of curing
 n - 2 potions of flight
 t - 2 potions of brilliance
Books
 b - a book of Necromancy

   Spells                             Type                      Level
   a - Pain                           Necromancy                   1
   b - Animate Skeleton               Necromancy                   1
   c - Vampiric Draining              Necromancy                   3
   d - Regeneration                   Charms/Necromancy            3
   e - Animate Dead                   Necromancy                   4
   f - Control Undead                 Necromancy                   4
Comestibles
 c - 2 bread rations
 f - a beef jerky
 q - a slice of pizza


   Skills:
 + Level 3.4 Dodging
 + Level 4.2 Stealth
 + Level 4.2 Spellcasting
 - Level 5.0 Necromancy


You had 6 spell levels left.
You knew the following spells:

 Your Spells              Type           Power        Failure   Level  Hunger
a - Pain                  Necr           ###.         10%         1    None
b - Animate Dead          Necr           N/A          82%         4    ####...


Dungeon Overview and Level Annotations

Branches:
Dungeon (3/15)

Altars:
Dithmenos
Fedhas
Kikubaaqudgha
Qazlal

Annotations:
D:3 exclusion: oklob plant


Innate Abilities, Weirdness & Mutations

[You are vulnerable to electric shocks.]


Message History

You now have 139 gold pieces (gained 9).
You swap places.
Casting: Pain
Confirm with . or Enter, or press ? or * to list all spells.
The spell is very dangerous to cast!
Continue anyway?
You miscast Animate Dead.
You are very lightly contaminated with residual magic.
You feel yourself slow down.
You feel horribly lethargic.
You start resting.
You feel yourself speed up.
You start resting.
Magic restored.
Casting: Animate Dead
Confirm with . or Enter, or press ? or * to list all spells.
The spell is very dangerous to cast!
Continue anyway?
You miscast Animate Dead.
You feel dopey.
Quiver which item? (- for none, * to show all) (? for menu, Esc to quit)
Okay, then.
Are you sure you want to abandon this character and quit the game? (Confirm with "yes".) ####..[.....################# .................# PP♣PP.PP.PP ........##.......# ♣P%P♣P#PPPP .........##.......# P%.#PP♣PPP♣

.........##.......#P.%PPP.P#PP.
.........##.......#P.%PPPP.....
.........##.......#PP%PPP..≈≈≈≈
........##.......#PPPP...≈≈≈≈≈
....... #[.Z@)..#PPP♣..≈≈≈≈≈≈
#.......# #PP.≈≈≈≈≈≈≈
#.......#♣#PP.≈≈≈≈...
#.......#.♣P#......_.
#########.....≈≈≈≈...
##PP♣.≈≈≈≈≈≈≈ ♣#.#..≈≈≈≈≈≈
#PPPP♣..≈≈≈≈≈ #PPPPPP..≈≈≈≈


You could see a friendly orc zombie.

Vanquished Creatures
  An adder (D:2)
  4 worms (D:2)
  3 giant geckos
  An orc (D:3)
  2 giant cockroaches
  18 hobgoblins
  2 jackals (D:2)
  A ball python (D:2)
  4 bats
  2 giant newts (D:2)
  6 goblins
  8 kobolds
  2 quokkas
  11 rats
  A fungus (D:3)
66 creatures vanquished.

Vanquished Creatures (others)
  14 toadstools (D:3)
14 creatures vanquished.

Grand Total: 80 creatures vanquished

Notes
Turn   | Place    | Note
--------------------------------------------------------------
     0 | D:1      | Heliophagus the Deep Elf Necromancer began the quest for the Orb.
     0 | D:1      | Reached XP level 1. HP: 10/10 MP: 6/6
    94 | D:1      | Reached skill level 5 in Necromancy
   271 | D:1      | Reached XP level 2. HP: 12/15 MP: 4/8
  1197 | D:2      | Reached XP level 3. HP: 16/19 MP: 6/10
  1359 | D:2      | Found a shadowy altar of Dithmenos.
  1567 | D:2      | Found a faded altar to an unknown god.
  1699 | D:2      | Became a worshipper of Qazlal Stormbringer
  1699 | D:2      | Reached * piety under Qazlal
  1700 | D:2      | Fell from the grace of Qazlal
  1705 | D:2      | Found an ancient bone altar of Kikubaaqudgha.
  1710 | D:2      | Became a worshipper of Kikubaaqudgha
  2201 | D:2      | Reached XP level 4. HP: 17/24 MP: 6/12
  2207 | D:2      | Learned a level 4 spell: Animate Dead
  2681 | D:3      | Found a blossoming altar of Fedhas.
  2696 | D:3      | Noticed an oklob plant
  3490 | D:3      | Quit the game

Action                   |  1- 3 |  4- 6 || total
-------------------------+-------+-------++-------
Melee: Short sword       |       |    28 ||    28
 Cast: Pain              |    80 |    30 ||   110
       Animate Dead      |       |     1 ||     1
Invok: Renounce Religion |     1 |       ||     1
  Use: Scroll            |     7 |     2 ||     9
       Potion            |       |     4 ||     4
  Eat: Chunk             |     4 |     3 ||     7
